 Dungeon Crawl Stone Soup version 0.27.0-1-g7a089689b8 (webtiles) character file.

Game seed: 4747046798265181905

1745 ZombieSheep the Cleaver (level 8, -15/67 HPs)
             Began as a Demonspawn Berserker on Aug 8, 2021.
             Was a Priest of Trog.
             Demolished by a boulder beetle (24 damage)
             ... on level 6 of the Dungeon on Aug 9, 2021.
             The game lasted 00:12:09 (5356 turns).

ZombieSheep the Cleaver (Demonspawn Berserker)      Turns: 5356, Time: 00:12:10

Health: -15/67     AC: 13    Str: 20    XL:     8   Next: 77%
Magic:  8/8        EV:  6    Int:  9    God:    Trog [***...]
Gold:   517        SH:  0    Dex: 12    Spells: 7/7 levels left

rFire    . . .     SeeInvis .   a - +0 war axe
rCold    . . .     Faith    .   (no shield)
rNeg     . . .     Spirit   .   g - +0 plate armour
rPois    .         Reflect  .   (no helmet)
rElec    .         Harm     .   m - +2 cloak
rCorr    .         Rampage  .   (no gloves)
Will     .....                  (no boots)
Stlth    ..........             p - amulet of regeneration
HPRegen  1.21/turn              (no ring)
MPRegen  0.11/turn              (no ring)

@: on berserk cooldown, slowed, very slow
A: hooves 1, spiny 1
a: Renounce Religion, Berserk, Trog's Hand


You were on level 6 of the Dungeon.
You worshipped Trog.
Trog was most pleased with you.
You visited 1 branch of the dungeon, and saw 6 of its levels.
You also visited: Ossuary.

You collected 517 gold pieces.

Inventory:

Hand Weapons
 a - a +0 war axe (weapon)
Armour
 g - a +0 plate armour (worn)
 m - a +2 cloak (worn)
Jewellery
 d - an amulet of the acrobat
 p - an amulet of regeneration (around neck)
Wands
 o - a wand of paralysis (6)
Scrolls
 r - 2 scrolls of teleportation
Potions
 b - a potion of brilliance {unknown}
 c - 3 potions of flight
 e - 2 potions of invisibility
 f - 3 potions of haste
 h - 2 potions of curing {unknown}
 j - a potion of lignification {unknown}
 k - a potion of might
 l - a potion of berserk rage {unknown}
 n - a potion of attraction {unknown}
 q - a potion of ambrosia {unknown}


   Skills:
 + Level 7.1 Fighting
 * Level 9.0 Axes
 - Level 1.7 Armour
 - Level 1.7 Dodging


You had 7 spell levels left.
You didn't know any spells.
Your spell library was empty.

Dungeon Overview and Level Annotations

Branches:
Dungeon (6/15)             Temple (0/1) D:4         Ossuary (visited)

Altars:
Ashenzari
Elyvilon
Fedhas
Gozag
Qazlal
Ru
Sif Muna
Trog
Uskayaw

Shops:
D:1 (


Innate Abilities, Weirdness & Mutations

You have large cloven feet.
You are partially covered in sharp spines.


Message History

The boulder beetle is moderately wounded.
You hit the boulder beetle but do no damage.
You kick the boulder beetle!
The boulder beetle is heavily wounded.
The boulder beetle barely misses you.
You slash the boulder beetle!
The boulder beetle is heavily wounded.
The boulder beetle bites you!
* * * LOW HITPOINT WARNING * * *
You slash the boulder beetle!
You kick the boulder beetle, but do no damage.
The boulder beetle is severely wounded.
The boulder beetle leaps!
You enter the shallow water.
Moving in this stuff is going to be slow.
You feel a strong urge to attack something.
The boulder beetle barely misses you.
You hit the boulder beetle but do no damage.
You kick the boulder beetle, but do no damage.
The boulder beetle is severely wounded.
The boulder beetle bites you.
* * * LOW HITPOINT WARNING * * *
You hit the boulder beetle.
You kick the boulder beetle, but do no damage.
The boulder beetle is severely wounded.
You are no longer berserk.
You are exhausted.
You feel yourself slow down. The boulder beetle closely misses you.
You hit the boulder beetle. Your kick misses the boulder beetle.
The boulder beetle is severely wounded.
The boulder beetle is struck by your spines.
The boulder beetle bites you.
* * * LOW HITPOINT WARNING * * *
The boulder beetle is struck by your spines.
The boulder beetle bites you but does no damage.
Aiming: Paralyse
Press: ? - help, Shift-Dir - straight line, f/p - boulder beetle
Aim: a boulder beetle (almost dead, chance to affect: 28%)
The boulder beetle easily resists.
The boulder beetle bites you!!
You die...

#.## ###.##
##[.... ##
##..#### ##.#
######..^# #..#
.≈($≈##'## #.#
.PP.≈;#.# #.#
..≈≈:;#.# ##@#
.≈P≈≈≈#.# #≈B#
...$≈##≈#
##.##########≈##
#..# .P..≈##≈##
#.#+ ...≈≈;#)#
#≈# ...).;#.#
#≈# .PP≈≈≈#.#
#≈## .P($≈##.#
##.########≈##


You could see a boulder beetle.

Vanquished Creatures
  A wraith (D:5)
  A water moccasin (D:6)
  An ice beast (D:6)
  A sky beast (D:6)
  A black bear (D:5)
  A necrophage (D:5)
  An ogre (D:6)
  5 phantoms
  A kobold brigand (D:4)
  An elf zombie (Ossuary)
  2 scorpions
  A centaur zombie (D:5)
  A human zombie (Ossuary)
  A bullfrog skeleton (D:4)
  Crazy Yiuf (D:4)
  A centaur skeleton (D:5)
  An iguana (D:4)
  An orc wizard (D:5)
  A hound skeleton (D:3)
  2 mummies (Ossuary)
  5 adders
  4 gnolls (D:2)
  An ufetubus (D:5)
  2 dart slugs
  5 orcs
  11 ball pythons
  11 endoplasms
  A giant cockroach (D:4)
  4 gnoll zombies (Ossuary)
  3 goblins
  5 hobgoblins
  12 jackals
  12 kobolds
  A quokka (D:1)
  6 bats
  6 frilled lizards
  2 goblin zombies (Ossuary)
  5 hobgoblin zombies (Ossuary)
  An orc zombie (Ossuary)
  3 rats
126 creatures vanquished.

Vanquished Creatures (others)
  2 plants (D:4)
2 creatures vanquished.

Grand Total: 128 creatures vanquished

Notes
Turn   | Place    | Note
-------+----------+-------------------------------------------
     0 | D:1      | ZombieSheep the Demonspawn Berserker began the quest for
                  | the Orb.
     0 | D:1      | Reached XP level 1. HP: 18/18 MP: 1/1
   278 | D:1      | Found Oruel's Weapon Emporium.
   420 | D:1      | Reached skill level 3 in Axes
   478 | D:1      | Gained mutation: You are partially covered in sharp spines.
                  | [demonic ancestry]
   478 | D:1      | Reached XP level 2. HP: 24/24 MP: 2/2
  1379 | D:2      | Reached XP level 3. HP: 26/29 MP: 3/3
  1530 | D:2      | Reached ** piety under Trog
  1787 | D:2      | Reached skill level 4 in Axes
  1796 | D:2      | Reached XP level 4. HP: 23/37 MP: 4/4
  2398 | D:3      | Found a blossoming altar of Fedhas.
  2665 | D:3      | Found a stormy altar of Qazlal.
  2831 | D:3      | Reached XP level 5. HP: 42/42 MP: 5/5
  2931 | D:4      | Found a sand-covered staircase.
  2981 | Ossuary  | Entered an ossuary
  3271 | Ossuary  | Reached skill level 5 in Axes
  3515 | Ossuary  | Reached XP level 6. HP: 48/49 MP: 6/6
  3684 | D:4      | Found a hide-covered altar of Uskayaw.
  3789 | D:4      | Found a sacrificial altar of Ru.
  3983 | D:4      | Reached *** piety under Trog
  4011 | D:4      | Found a staircase to the Ecumenical Temple.
  4085 | D:4      | Found a runed translucent door.
  4086 | D:4      | Noticed Crazy Yiuf
  4160 | D:4      | Reached skill level 5 in Fighting
  4160 | D:4      | Reached skill level 6 in Axes
  4232 | D:4      | Gained mutation: You have large cloven feet. [demonic
                  | ancestry]
  4232 | D:4      | Reached XP level 7. HP: 41/56 MP: 7/7
  4416 | D:4      | Killed Crazy Yiuf
  4471 | D:5      | Entered Level 5 of the Dungeon
  4505 | D:5      | Found a shimmering blue altar of Sif Muna.
  4693 | D:5      | Found a broken altar of Ashenzari.
  4695 | D:5      | Found a bloodstained altar of Trog.
  4779 | D:5      | Noticed a wraith
  4791 | D:5      | Killed a wraith
  4792 | D:5      | Reached skill level 7 in Axes
  4866 | D:5      | Reached XP level 8. HP: 64/64 MP: 8/8
  5069 | D:6      | Reached skill level 8 in Axes
  5182 | D:6      | Found an opulent altar of Gozag.
  5314 | D:6      | Reached skill level 9 in Axes
  5325 | D:6      | Noticed a boulder beetle
  5356 | D:6      | Demolished by a boulder beetle

Illustrated notes

Levels and vault maps discovered:
D:1:      minmay_arrival_open_corners, layout_basic, serial_shops,
          nicolae_lakefront_shop, hex_intersection
D:2:      layout_rooms, minmay_indecisive_spiral
D:3:      kennysheep_big_flooded_room, layout_loops_corners,
          mainiacjoe_overflow_alcove_1, mainiacjoe_overflow_chevrons
D:4:      cheibrodos_thug_alley, layout_rooms, nicolae_ru_sacrificial_ziggurat,
          mainiacjoe_overflow_concentric_impassable,
          minmay_temple_entry_overgrown, enter_ossuary_1,
          uniq_crazy_yiuf_cottage
D:5:      layout_rooms, lemuel_round_altar,
          chequers_temple_overflow_statue_of_worship
D:6:      cheibrodos_two_vegetables, layout_loops_cross,
          nicolae_overflow_crystal_walls

Skill      XL: |  1  2  3  4  5  6  7  8 |
---------------+-------------------------+-----
Axes           | 3 4 5 6 7 9 |  9.0
Fighting       | 4 5 6 7 |  7.1
Armour         | |  1.7
Dodging        | |  1.7

Action                   |  1- 3 |  4- 6 |  7- 9 || total
-------------------------+-------+-------+-------++-------
Melee: Hand axe          |    79 |       |       ||    79
       War axe           |    21 |   127 |   109 ||   257
       Kick              |       |       |    39 ||    39
Invok: Berserk           |     1 |       |     4 ||     5
Evoke: Wand              |       |       |     2 ||     2
  Use: Scroll            |     3 |     4 |     3 ||    10
 Stab: Sleeping          |     1 |       |       ||     1
       Paralysed         |       |       |     4 ||     4
Armor: Animal skin       |     5 |       |       ||     5
       Ring mail         |    18 |    20 |       ||    38
       Plate armour      |       |    45 |    71 ||   116
Dodge: Dodged            |    58 |    46 |    28 ||   132
